 Dungeon Crawl Stone Soup version 0.31-a0-271-gb88eb75e06 (webtiles) character file.

Game seed: 660154218285995250

35 spiderkeys the Charlatan (level 3, -6/26 HPs)
             Began as a Demonspawn Wanderer on July 15, 2023.
             Mangled by Sigmund
             ... wielding a +3 scythe of distortion
              (24 damage)
             ... on level 2 of the Dungeon.
             The game lasted 00:03:28 (1259 turns).

spiderkeys the Charlatan (Demonspawn Wanderer)      Turns: 1259, Time: 00:03:29

Health: -6/26      AC:  6    Str:  8    XL:     3   Next: 16%
Magic:  2/5        EV: 10    Int: 18    God:
Gold:   31         SH:  4    Dex: 13    Spells: 4/5 levels left

rFire   . . .        a - +0 dagger
rCold   . . .        b - +0 buckler
rNeg    . . .        d - +0 robe
rPois   .            (no helmet)
rElec   .            i - +2 cloak
rCorr   .            (no gloves)
SInv    .            l - +0 pair of boots
Will    .....        (no amulet)
Stlth   +            (no ring)
HPRegen 0.24/turn    (no ring)
MPRegen 0.09/turn

%: no passive effects
@: mighty, very slightly contaminated
A: powered by pain 1, condensation shield
a: no special abilities


You were on level 2 of the Dungeon.
You visited 1 branch of the dungeon, and saw 2 of its levels.

You collected 31 gold pieces.


Innate Abilities, Weirdness & Mutations

You sometimes gain a little power by taking damage.
A meltable shield of frost defends you. (SH +0)


   Skills:
 + Level 1.3 Fighting
 - Level 3.0 Shields
 + Level 1.5 Spellcasting
 + Level 2.4 Conjurations
 - Level 4.0 Evocations


You had 4 spell levels left.
You knew the following spells:

 Your Spells              Type           Power      Damage    Failure   Level
s - Shock                 Conj/Air       20%        1d4       17%         1

Your spell library contained the following spells:

 Spells                   Type           Power      Damage    Failure   Level
 Stone Arrow              Conj/Erth      10%        3d7       45%         3

Inventory:

Hand Weapons
 a - a +0 dagger (weapon)
Missiles
 f - 9 stones
Armour
 b - a +0 buckler (worn)
 d - a +0 robe (worn)
 g - a +0 leather armour
   (You found it on level 1 of the Dungeon)
 i - a +2 cloak (worn)
   (You found it on level 1 of the Dungeon)
 k - a +0 ring mail
   (You found it on level 1 of the Dungeon)
 l - a +0 pair of boots (worn)
   (You found it on level 1 of the Dungeon)
 n - a +0 ring mail
   (You found it on level 2 of the Dungeon)
Potions
 c - a potion of attraction {!q}
 m - a potion of berserk rage {!q}
 o - a potion of cancellation {unknown}
Miscellaneous
 e - a box of beasts

Dungeon Overview and Level Annotations

Branches:
Dungeon (2/15) Zot: 10735

Altars:

Annotations:
D:2 Sigmund

##### .... #...####
..... #......###
.._..###........###
#......#...@K@.....##
...
...#....###.....##
#.###.#....#
###....##
#...#...#### ###...##
#.....#### ##...###
##.......# ##....###
# #####.#.@...#
##.....###
#....◑......#
##.......
....###.##....#
###...).


You could see Sigmund and a kobold.


Message History

You lost 1 mp, and now have 4/5 mp.
The zap hits the endoplasm. 😎 MP[-1]
You lost 1 mp, and now have 3/5 mp.
The zap hits the endoplasm.
You block the endoplasm's attack. 😎 MP[-1]
You lost 1 mp, and now have 2/5 mp.
The zap hits the endoplasm.
The endoplasm freezes you.
You are frozen. 😕 HP[-3] MP[-1]
You take 3 damage, and now have 23/26 hp.
You lost 1 mp, and now have 1/5 mp.
The zap hits the endoplasm.
You kill the endoplasm! 😕 HP[+1] MP[-1]
You lost 1 mp, and now have 0/5 mp.
No target in view!
Your magical contamination has completely faded away.
Key pressed, stopping explore.
Key pressed, stopping explore.
n - a scroll labelled YSIODONAKU 😎 HP[+2] MP[+5]
Your hp is fully restored (26).
Your mp is fully restored (5).
Key pressed, stopping explore.
Key pressed, stopping explore.
You see here a +0 club.
Done exploring.
Done exploring.
Done exploring.
There is a stone staircase leading down here.
You climb downwards.
There is a stone staircase leading up here.
As you read the scroll labelled YSHYM YFAESM, it crumbles to dust.
You hear a loud clanging noise!
It was a scroll of noise.
You hear a shout! x2; You hear a bark! x2; You hear an angry hiss.
As you read the scroll labelled YSIODONAKU, it crumbles to dust.
It is a scroll of identify.
h - a potion of might
j - a scroll of identify {@r1} You see here a +0 dagger.
A ball python comes into view.
The ball python moves out of view.
No target in view!
A ball python is nearby!
The ball python barely misses you. The ball python grabs you.
The ball python constricts you.
You hit the ball python but do no damage.
The ball python closely misses you. The ball python constricts you.
The ball python bites you but does no damage.
The ball python constricts you.
You closely miss the ball python. The ball python bites you.
The ball python constricts you. 😕 HP[-2]
You take 2 damage, and now have 24/26 hp.
You hit the ball python. You block the ball python's attack.
The ball python constricts you.
You hit the ball python.
You kill the ball python!
No target in view!
No target in view!
n - a +0 ring mail
Found a white marble altar of Elyvilon. 😎 HP[+2]
Your hp is fully restored (26).
You can't see any susceptible monsters within range! (Use Z to cast anyway.)
o - a smoky green potion You see here a beast talisman.
A kobold comes into view. It is wielding a +0 whip.
Sigmund the Dreaded comes into view.
He is wielding a +3 scythe of distortion.
Sigmund shouts!
Sigmund gestures at you while chanting. The puff of flame hits you.
Your condensation shield dissipates! 😕 HP[-5]
You take 5 damage, and now have 21/26 hp. 😕 HP[+1]
You miscast Shock.
You are very lightly contaminated with residual magic.
Nothing appears to happen. 😕 MP[-1]
You lost 1 mp, and now have 4/5 mp.
The zap misses Sigmund.
Sigmund points at you and mumbles some strange words.
You resist with significant effort. 😕 HP[+1] MP[-1]
You lost 1 mp, and now have 3/5 mp.
Okay, then.
The zap misses Sigmund.
You block Sigmund's attack. 😕 MP[-1]
You lost 1 mp, and now have 2/5 mp.
As you read the scroll of identify {@r1}, it crumbles to dust.
m - a potion of berserk rage You feel very mighty all of a sudden.
Sigmund hits you from afar with a +3 scythe of distortion.
Space warps horribly around you!!
Ouch! That really hurt!
You die...

Skill      XL: |  1  2 |
---------------+-------+-----
Fighting       | 1 |  1.3
Shields        | 3 |  3.0
Spellcasting   | |  1.5
Conjurations   | |  2.4
Evocations     | |  4.0

Action                     || total
---------------------------++-------
  Melee: Dagger            ||    67
   Cast: Shock             ||    38
    Use: Scroll            ||     3
         Potion            ||     1
 Armour: Robe              ||    21
         Leather armour    ||     8
  Dodge: Dodged            ||    40
  Block: Buckler           ||    25

Levels and vault maps discovered:
D:1:      dreamdust_arrival_beginning_and_end, layout_basic,
          dreamdust_ecumenical_altar_grove
D:2:      layout_rooms, serial_shops, shop, serial_curves, eino_curves_02,
          eino_curves_01, basic_altar, grunt_ministairs_15, minmay_tromino_i2,
          uniq_sigmund

Notes
Turn   | Place    | Note
-------+----------+-------------------------------------------
     0 | D:1      | spiderkeys the Demonspawn Wanderer began the quest for the
                  | Orb.
     0 | D:1      | spiderkeys set off with the following items: a +0 dagger, a
                  | +0 buckler, a potion of attraction {!q}, a +0 robe, a box
                  | of beasts; and the following spell memorised: Shock; and
                  | the following spells available to memorise: Stone Arrow.
     0 | D:1      | Reached XP level 1. HP: 13/13 MP: 2/2
     0 | D:1      | magus.rc [v1.11.3]
   146 | D:1      | Found a faded altar of an unknown god.
   234 | D:1      | HP: 3/14 [gnoll/+0 spear (4)]
   277 | D:1      | Gained mutation: You sometimes gain a little power by
                  | taking damage. [demonic ancestry]
   277 | D:1      | Reached XP level 2. HP: 8/20 MP: 0/3
   426 | D:1      | Reached skill level 1 in Fighting
   625 | D:1      | Reached skill level 3 in Shields
   821 | D:1      | Gained mutation: A meltable shield of frost defends you.
                  | (SH +0) [demonic ancestry]
   821 | D:1      | Reached XP level 3. HP: 26/26 MP: 1/5
  1241 | D:2      | Noticed Sigmund
  1259 | D:2      | Mangled by Sigmund

Vanquished Creatures
  A gnoll (D:1)
  2 bats (D:1)
  3 endoplasms (D:1)
  A giant cockroach (D:1)
  3 hobgoblins (D:1)
  4 quokkas (D:1)
  4 ball pythons
  A frilled lizard (D:1)
  2 kobolds (D:1)
  2 rats (D:1)
23 creatures vanquished.

Table legend:
 A = Non-vault XP
 B = Vault XP
 C = Vault XP percentage of total XP
 D = Non-vault monster count
 E = Vault monster count
 F = Vault count percentage of total count
                 A         B        C        D         E       F
            +---------+---------+-------+---------+---------+-------
      Total |      50 |       0 |   0.0 |      23 |       0 |   0.0
            +---------+---------+-------+---------+---------+-------
        D:1 |      49 |       0 |   0.0 |      22 |       0 |   0.0
        D:2 |       1 |       0 |   0.0 |       1 |       0 |   0.0
            +---------+---------+-------+---------+---------+-------

Skill      XL: |  1  2 |
---------------+-------+-----
Fighting       | 1 |  1.3
Shields        | 3 |  3.0
Spellcasting   | |  1.5
Conjurations   | |  2.4
Evocations     | |  4.0

Action                     || total
---------------------------++-------
  Melee: Dagger            ||    67
   Cast: Shock             ||    38
    Use: Scroll            ||     3
         Potion            ||     1
 Armour: Robe              ||    21
         Leather armour    ||     8
  Dodge: Dodged            ||    40
  Block: Buckler           ||    25

Illustrated notes

Table legend:
 A = Kills in this place as a percentage of kills in the entire game.
 B = Kills by you in this place as a percentage of kills by you in the entire game.
 C = Kills by friends in this place as a percentage of kills by friends in the entire game.
 D = Other kills in this place as a percentage of other kills in the entire game.
 E = Experience gained in this place as a percentage of experience gained in the entire game.
 F = Experience gained in this place divided by the number of levels of this place that you have seen.
                   A       B       C       D       E      F
               +-------+-------+-------+-------+-------+----------------------
         Total | 100.0 | 100.0 |   N/A |   N/A | 100.0 |  25.0
       Dungeon | 100.0 | 100.0 |   N/A |   N/A | 100.0 |  25.0
               +-------+-------+-------+-------+-------+----------------------

Table legend: (Time is in decaauts)
 A = Elapsed time spent in this place.
 B = Non-inter-level travel time spent in this place.
 C = Inter-level travel time spent in this place.
 D = Time resting spent in this place.
 E = Time spent auto-exploring this place.
 F = Levels seen in this place.
 G = Mean time per level.
                   A        B        C        D        E       F      G
               +--------+--------+--------+--------+--------+-----+--------+
         Total |   1263 |   1249 |     14 |      4 |    902 |   2 |  631.5 |
       Dungeon |   1263 |   1249 |     14 |      4 |    902 |   2 |  631.5 |
               +--------+--------+--------+--------+--------+-----+--------+

Top non-repeatable levels by time:
     D:1: 1181 daAuts
     D:2: 82 daAuts
